AoeStats
← Raposao_SP

Pilgrims

509755596Analyzed
4v4 RM · 6d ago on Sep 27, 2026· 22m 58s· 8 players
Game mode
Random Map
Map size
Large (8 player)
Population
200
Speed
Normal
Resources
Standard
Victory
Conquest
Starting age
Dark Age
Ending age
Imperial Age
RankedLock teamsTeams togetherTeam positionsShared explorationLock speedFull tech treeHidden civsTurbo modeCheats
Victory
Defeat
🇧🇷 Persians · Brazil
1147
+9
🇧🇷 Franks · Brazil
1115
+10
🇧🇷 Hindustanis · Brazil
967
+16
🇧🇷 Huns · Brazil
918
+18
🇦🇷 Malians · Argentina
1019
-15
🇺🇸 Spanish · United States
1015
-15
🇺🇸 Romans · United States
968
-13
🇧🇬 Japanese · Bulgaria
892
-10
mmill105
10:20 Feudal Age
13:09 Man-at-Arms
15:03 Fishing Lines
17:39 Horse Collar
23:35 Castle Age
21:29 Double-Bit Axe
MaceWindoWasher
8:56 Loom
11:13 Feudal Age
17:11 Castle Age
Tardhunter
11:52 Feudal Age
12:48 Fishing Lines
13:10 Double-Bit Axe
16:02 Castle Age
16:15 Scale Mail Armor
16:50 Forging
17:28 Squires
17:28 Gillnets
18:01 Horse Collar
18:37 Bow Saw
20:27 Horse Collar
21:06 Gold Mining
21:16 Demolition Ship
El Pollo
4:16 Loom
13:15 Feudal Age
19:09 Castle Age
20:04 Double-Bit Axe
guilherhand
15:26 Feudal Age
15:03 Loom
17:03 Man-at-Arms
20:12 Castle Age
22:00 Fletching
23:34 Scale Barding Armor
Lucas Capita
4:12 Loom
13:25 Feudal Age
18:09 Stone Mining
18:13 Gold Mining
18:13 Double-Bit Axe
21:40 Castle Age
20:40 Fletching
20:57 Scale Barding Armor
21:03 Forging
20:40 Horse Collar
22:31 Bow Saw
22:22 Heavy Plow
23:01 Stone Shaft Mining
23:04 Wheelbarrow
Balbinot0101711
8:34 Loom
15:29 Feudal Age
17:06 Double-Bit Axe
19:07 Bloodlines
19:59 Fishing Lines
22:37 Castle Age
21:46 Scale Barding Armor
21:52 Forging
21:30 Horse Collar
23:19 Husbandry
23:37 Bow Saw
Raposao_SP
9:51 Loom
11:37 Feudal Age
16:00 Castle Age
17:52 Town Watch
Connection lost

Rejoining the realm…

Still unreachable

The connection could not be restored.

Session expired

The server has moved on; the page needs a fresh start.